 Dungeon Crawl Stone Soup version 0.31-a0-854-g362426d53f (webtiles) character file.

Game seed: 3198671958490524801

64 mortress the Grave Robber (level 3, 0/26 HPs)
             Began as a Demonspawn Necromancer on Oct 8, 2023.
             Slain by a gnoll
             ... wielding a +0 spear
              (8 damage)
             ... on level 2 of the Dungeon.
             The game lasted 00:04:44 (1242 turns).

mortress the Grave Robber (Demonspawn Necromancer)  Turns: 1242, Time: 00:04:44

Health: 0/26       AC:  2    Str:  8    XL:     3   Next: 91%
Magic:  1/6        EV: 12    Int: 16    God:
Gold:   53         SH:  0    Dex: 15    Spells: 5/6 levels left

rFire   . . .        d - +0 dagger (elec)
rCold   . . .        (no shield)
rNeg    . . .        a - +0 robe
rPois   .            (no helmet)
rElec   .            (no cloak)
rCorr   .            (no gloves)
SInv    .            (no boots)
Will    .....        (no amulet)
Stlth   ++           (no ring)
HPRegen 0.24/turn    (no ring)
MPRegen 0.10/turn

%: no passive effects
@: no status effects
A: hooves 1, ignite blood 1
a: no special abilities


You were on level 2 of the Dungeon.
You visited 1 branch of the dungeon, and saw 2 of its levels.

You collected 53 gold pieces.

Inventory:

Hand Weapons
 d - a +0 dagger of electrocution (weapon)
Armour
 a - a +0 robe (worn)
Scrolls
 c - 2 scrolls of identify {unknown}
 e - a scroll of brand weapon {unknown}
 f - a scroll of blinking {unknown}
 g - a scroll of poison {unknown}
Potions
 b - a potion of magic
 h - a potion of curing {unknown}


   Skills:
 + Level 1.3 Fighting
 + Level 2.3 Dodging
 + Level 2.3 Stealth
 + Level 2.4 Spellcasting
 + Level 4.7 Necromancy


You had 5 spell levels left.
You knew the following spells:

 Your Spells              Type           Power      Damage    Failure   Level
a - Necrotise             Necr           68%        1d7       2%          1

Your spell library contained the following spells:

 Spells                   Type           Power      Damage    Failure   Level
 Vampiric Draining        Necr           17%        2d7       9%          3
 Animate Dead             Necr           17%        N/A       28%         4
 Agony                    Necr           17%        N/A       61%         5


Dungeon Overview and Level Annotations

Branches:
Dungeon (2/15)

Altars:


Innate Abilities, Weirdness & Mutations

You have large cloven feet.
Your demonic aura sometimes causes spilled blood to erupt in flames.


Message History

Aim: a gnoll, wielding a +0 spear (heavily wounded, chance to affect: 81%)
The gnoll writhes in agony.
Your gnoll skeleton closely misses the goblin.
Unknown command.
You see here a +0 dagger.
The gnoll attacks as it pursues you! The gnoll barely misses you.
The gnoll attacks as it pursues you!
The gnoll hits you from afar with a +0 spear.
Your gnoll skeleton barely misses the gnoll.
Casting: Necrotise (safe; 2% risk of failure)
Confirm with . or Enter, or press ? or * to list all spells.
Aiming: Necrotise (safe; 2% risk of failure)
Press: ? - help, Shift-Dir - straight line, f/p - gnoll
Aim: a gnoll, wielding a +0 spear (heavily wounded, ally target, chance to affect: 81%)
The gnoll barely resists.
The gnoll closely misses you.
Unknown command.
The gnoll attacks as it pursues you!
The gnoll hits you from afar with a +0 spear!
You see here an adder corpse.
You hit the goblin.
You kill the goblin!
The gnoll hits you from afar with a +0 spear.
The gnoll hits you from afar with a +0 spear.
Casting: Necrotise (safe; 2% risk of failure)
Confirm with . or Enter, or press ? or * to list all spells.
Aiming: Necrotise (safe; 2% risk of failure)
Press: ? - help, Shift-Dir - straight line, f/p - gnoll
Aim: a gnoll, wielding a +0 spear (heavily wounded, chance to affect: 81%)
The gnoll writhes in agony.
The gnoll hits you from afar with a +0 spear.
* * * LOW HITPOINT WARNING * * *
Unknown command.
The gnoll attacks as it pursues you! The gnoll misses you.
The gnoll attacks as it pursues you! The gnoll misses you.
The gnoll attacks as it pursues you!
The gnoll hits you from afar with a +0 spear.
* * * LOW HITPOINT WARNING * * *
The gnoll attacks as it pursues you!
The gnoll hits you from afar with a +0 spear!
You die...

##############
#.g.g.@......#
#.##########.#
#######.### #.#
#.........# ##.#######
..#####g#.# #.........
#.#.# #..####.####!
#.#.# #..###...?..
#)#.## #..##..gZ.##.
##<...######..#....)....


You could see 2 gnolls.

Vanquished Creatures
  2 gnolls (D:2)
  An adder (D:2)
  3 dart slugs (D:1)
  2 ball pythons (D:1)
  3 endoplasms (D:2)
  2 giant cockroaches (D:1)
  3 goblins
  2 hobgoblins (D:1)
  2 kobolds (D:1)
  2 quokkas
  2 bats (D:1)
  2 frilled lizards (D:1)
  5 rats
31 creatures vanquished.

Vanquished Creatures (collateral kills)
  A rat (D:1)
1 creature vanquished.

Grand Total: 32 creatures vanquished

Notes
Turn   | Place    | Note
-------+----------+-------------------------------------------
     0 | D:1      | mortress the Demonspawn Necromancer began the quest for the
                  | Orb.
     0 | D:1      | Reached XP level 1. HP: 13/13 MP: 3/3
   146 | D:1      | Gained mutation: You have large cloven feet. [demonic
                  | ancestry]
   146 | D:1      | Reached XP level 2. HP: 3/20 MP: 0/5
   889 | D:1      | Gained mutation: Your demonic aura sometimes causes spilled
                  | blood to erupt in flames. [demonic ancestry]
   889 | D:1      | Reached XP level 3. HP: 25/25 MP: 3/6
  1064 | D:2      | Reached skill level 1 in Fighting
  1242 | D:2      | Slain by a gnoll

Illustrated notes

Levels and vault maps discovered:
D:1:      dpeg_arrival_prison, layout_basic, minivault_24, minmay_statues_item
D:2:      layout_loops_ring, ebering_ecumenical_altar_sacrificial,
          minmay_misc_feat_encased

Skill      XL: |  1  2  3 |
---------------+----------+-----
Stealth        | 2 |  2.3
Dodging        | 2 |  2.3
Fighting       | 1 |  1.3
Spellcasting   | |  2.4
Necromancy     | |  4.7

Action                     || total
---------------------------++-------
  Melee: Unarmed           ||     9
         Spear             ||     3
         Dagger            ||    13
         Kick              ||     3
   Cast: Necrotise         ||    49
   Stab: Sleeping          ||     3
 Armour: Robe              ||    31
  Dodge: Dodged            ||    21

Table legend: (Time is in decaauts)
 A = Elapsed time spent in this place.
 B = Non-inter-level travel time spent in this place.
 C = Inter-level travel time spent in this place.
 D = Time resting spent in this place.
 E = Time spent auto-exploring this place.
 F = Levels seen in this place.
 G = Mean time per level.
                   A        B        C        D        E       F      G
               +--------+--------+--------+--------+--------+-----+--------+
         Total |   1241 |   1232 |      9 |     89 |    869 |   2 |  620.5 |
       Dungeon |   1241 |   1232 |      9 |     89 |    869 |   2 |  620.5 |
               +--------+--------+--------+--------+--------+-----+--------+

Top non-repeatable levels by time:
     D:1: 1058 daAuts
     D:2: 182 daAuts
